 Dungeon Crawl Stone Soup version 0.17.2-1-ge4368a0 (webtiles) character file.

63 Goblin1989 the Skirmisher (level 4, -1/36 HPs)
             Began as a Human Enchanter on Jan 7, 2017.
             Slain by a worker ant (4 damage)
             ... on level 3 of the Dungeon.
             The game lasted 00:08:15 (832 turns).

Goblin1989 the Skirmisher (Human Enchanter)          Turns: 832, Time: 00:08:15

Health: -1/36      AC:  4    Str:  9    XL:     4   Next: 31%
Magic:  7/7        EV: 12    Int: 15    God:
Gold:   69         SH:  0    Dex: 14    Spells: 1 memorised, 6 levels left

rFire  . . .     SeeInvis .     a - +1 dagger
rCold  . . .     Clarity  .     b - +1 robe
rNeg   . . .     SustAt   .     (no shield)
rPois  .         Gourm    .     (no helmet)
rElec  .         Spirit   .     (no cloak)
rCorr  +         Warding  .     f - +0 pair of gloves
rMut   .         Stasis   .     (no boots)
MR     .....                    g - amulet of resist corrosion
Stlth  ++........               (no ring)
                                (no ring)

@: lethally poisoned (-1 -> -6), not resistant to hostile enchantments,
unstealthy
A: no striking features
a: no special abilities


You were on level 3 of the Dungeon.
You were not hungry.

You visited 1 branch of the dungeon, and saw 3 of its levels.

You collected 69 gold pieces.

Inventory:

Hand Weapons
 a - a +1 dagger (weapon)
Armour
 b - a +1 robe (worn)
 f - a +0 pair of gloves (worn)
 h - a +0 plate armour
Jewellery
 g - an amulet of resist corrosion (around neck)
 j - an amulet of warding
Scrolls
 e - 3 scrolls of identify {unknown}
 i - a scroll of remove curse {unknown}
 l - a scroll of random uselessness {unknown}
 m - a scroll of enchant weapon {unknown}
 n - a scroll of teleportation {unknown}
Books
 c - a book of Maledictions

   Spells                             Type                      Level
   a - Corona                         Hexes                        1
   b - Ensorcelled Hibernation        Hexes/Ice                    2
   c - Confuse                        Hexes                        3
   d - Tukima's Dance                 Hexes                        3
   e - Dazzling Spray                 Conjuration/Hexes            3
Comestibles
 d - 2 bread rations {@e1}


   Skills:
 + Level 3.6 Fighting
 - Level 1.0 Short Blades
 - Level 2.0 Dodging
 - Level 3.0 Stealth
 - Level 2.0 Spellcasting
 - Level 3.0 Hexes


You had 6 spell levels left.
You knew the following spells:

 Your Spells              Type           Power        Failure   Level  Hunger
a - Corona                Hex            ##.....      8%          1    #......


Dungeon Overview and Level Annotations

Branches:
Dungeon (3/15)

Altars:

Annotations:
D:3 dscm's ghost, weakling OpEE


Message History

You feel sick. The worker ant closely misses you.
You closely miss the worker ant.
The worker ant is heavily wounded.
The worker ant bites you.
* * * LOW HITPOINT WARNING * * *
You take 1 damage, and have 9/36 hp.
You hit the worker ant but do no damage.
The worker ant is heavily wounded.
You feel sick. The worker ant bites you.
* * * LOW HITPOINT WARNING * * *
You take 5 damage, and have 4/36 hp.
You hit the worker ant.
The worker ant is severely wounded.
* * * LOW HITPOINT WARNING * * *
You feel sick. The worker ant barely misses you.
You take 1 damage, and have 3/36 hp.
You barely miss the worker ant.
The worker ant is severely wounded.
The worker ant bites you.
You die... .█. █ .h.. $( █████h█████

... ..........█ .... █
(.........█ ..... ...
..........████████...███
...
...........Khhga@.......
...
...........█████████████
... ..........██
..........█ ..........█
..........█ ..........█


███████████ You could see a worker ant, 2 jackals, a hobgoblin and a kobold.

Vanquished Creatures
  Jessica (D:2)
  An ooze (D:3)
  6 goblins
  5 hobgoblins
  5 jackals
  5 bats
  A giant newt (D:3)
  6 kobolds
  3 rats
33 creatures vanquished.

Notes
Turn   | Place    | Note
--------------------------------------------------------------
     0 | D:1      | Goblin1989 the Human Enchanter began the quest for the Orb.
     0 | D:1      | Reached XP level 1. HP: 13/13 MP: 3/3
    82 | D:1      | Reached skill level 1 in Fighting
   167 | D:1      | Reached XP level 2. HP: 11/21 MP: 1/5
   421 | D:2      | Reached XP level 3. HP: 20/28 MP: 6/6
   477 | D:2      | Noticed Jessica
   491 | D:2      | Killed Jessica
   508 | D:3      | Reached XP level 4. HP: 28/35 MP: 7/7
   538 | D:3      | Noticed dscm's ghost (weakling OpEE)
   832 | D:3      | Slain by a worker ant

Action                   |  1- 3 |  4- 6 || total
-------------------------+-------+-------++-------
Melee: Dagger            |    72 |    78 ||   150
 Cast: Corona            |     4 |       ||     4
  Use: Potion            |       |     3 ||     3
       Scroll            |       |     1 ||     1
 Stab: Sleeping          |     4 |       ||     4

Vault maps used:
D:1:      lightli_molten_gateway
D:2:      ecumenical_altar_2, uniq_jessica
